AoeStats
← RIO1000

Arabia

507847170Analyzed
1v1 RM · 13d ago on Sep 19, 2026· 26m 55s· 2 players
Game mode
Random Map
Map size
Tiny (2 player)
Population
200
Speed
Normal
Resources
Standard
Victory
Conquest
Starting age
Dark Age
Ending age
Imperial Age
RankedLock teamsTeams togetherTeam positionsShared explorationLock speedFull tech treeHidden civsTurbo modeCheats
Victory
Defeat
🇲🇽 Magyars · Mexico
823
+15
🇺🇸 Teutons · United States
811
-15
AgusCasla97
6:03 Loom
10:53 Feudal Age
17:08 Castle Age
20:56 Fletching
23:17 Double-Bit Axe
RIO1000
7:51 Loom
10:06 Feudal Age
10:35 Double-Bit Axe
13:48 Horse Collar
14:32 Fletching
22:26 Castle Age
20:41 Gold Mining
23:22 Bloodlines
24:34 Husbandry
24:54 Crossbowman
Connection lost

Rejoining the realm…

Still unreachable

The connection could not be restored.

Session expired

The server has moved on; the page needs a fresh start.